AoeStats
← Camionveloce__

Lombardia

507351842Analyzed
3v3 RM · 16d ago on Sep 17, 2026· 78m 6s· 6 players
Game mode
Random Map
Map size
Normal (6 player)
Population
200
Speed
Normal
Resources
Standard
Victory
Conquest
Starting age
Dark Age
Ending age
Imperial Age
RankedLock teamsTeams togetherTeam positionsShared explorationLock speedFull tech treeHidden civsTurbo modeCheats
Victory
Defeat
🇷🇺 Italians · Russia
968
+15
🇮🇹 Khmer · Italy
945
+16
🇲🇽 Saracens · Mexico
925
+16
🇬🇧 Burgundians · United Kingdom
996
-18
🇬🇧 Mongols · United Kingdom
944
-16
🇬🇧 Teutons · United Kingdom
870
-13
Bad Boy Bidwa
11:29 Feudal Age
12:51 Gold Mining
12:49 Double-Bit Axe
21:38 Castle Age
20:42 Bloodlines
20:24 Fletching
20:34 Padded Archer Armor
20:27 Horse Collar
23:19 Heavy Plow
23:36 Husbandry
23:35 Bodkin Arrow
23:56 Leather Archer Armor
23:30 Loom
24:18 Bow Saw
26:14 Wheelbarrow
29:13 Ballistics
31:52 Thumb Ring
35:24 Imperial Age
34:01 Hand Cart
35:15 Fortified Wall
35:55 Gold Shaft Mining
35:11 Stone Mining
36:25 Bracer
37:31 Chemistry
38:41 Parthian Tactics
40:52 Heavy Cavalry Archer
44:11 Elite Steppe Lancer
46:02 Forging
45:57 Scale Barding Armor
57:13 Iron Casting
56:58 Chain Barding Armor
Bigus Dicus
3:26 Loom
11:38 Feudal Age
15:12 Double-Bit Axe
19:39 Castle Age
23:29 Horse Collar
24:22 Gold Mining
24:36 Cavalier
27:36 Wheelbarrow
27:11 Heavy Plow
27:26 Bow Saw
29:00 Hand Cart
29:18 Crop Rotation
29:16 Stone Mining
33:56 Imperial Age
32:12 Burgundian Vineyards
34:18 Two-Man Saw
33:02 Treadmill Crane
33:20 Murder Holes
35:01 Conscription
35:10 Ballistics
35:50 Chemistry
35:03 Fortified Wall
36:16 Chemistry
35:41 Forging
35:37 Scale Barding Armor
36:49 Gold Shaft Mining
37:57 Iron Casting
37:43 Chain Barding Armor
37:14 Fletching
37:24 Padded Archer Armor
36:48 Elite Skirmisher
36:53 Pikeman
37:37 Husbandry
37:58 Caravan
38:09 Guilds
39:20 Elite Coustillier
40:05 Bodkin Arrow
42:43 Blast Furnace
42:19 Plate Barding Armor
41:45 Scale Mail Armor
42:34 Paladin
43:48 Town Watch
43:25 Halberdier
44:06 Squires
43:53 Arson
44:13 Bracer
44:28 Leather Archer Armor
46:40 Onager
55:16 Chain Mail Armor
67:57 Man-at-Arms
HELLBLAZER
9:10 Loom
16:06 Feudal Age
20:30 Double-Bit Axe
22:25 Wheelbarrow
21:52 Stone Mining
23:25 Horse Collar
25:49 Castle Age
25:20 Forging
25:13 Scale Mail Armor
25:06 Fletching
32:59 Imperial Age
30:42 Fortified Wall
31:31 Gold Mining
31:56 Caravan
34:47 Iron Casting
34:02 Town Watch
34:33 Hand Cart
36:05 Bow Saw
38:52 Blast Furnace
38:09 Chain Mail Armor
37:50 Bodkin Arrow
40:22 Two-Man Saw
41:25 Pikeman
41:51 Gambesons
43:17 Squires
42:39 Halberdier
43:08 Arson
46:52 Conscription
48:34 Ballistics
48:25 Masonry
48:53 Plate Mail Armor
50:26 Man-at-Arms
54:32 Long Swordsman
55:37 Two-Handed Swordsman
57:23 Champion
57:42 Capped Ram
66:22 Crenellations
67:41 Hoardings
72:04 Bloodlines
74:24 Cavalier
75:49 Heavy Plow
Camionveloce__
10:49 Feudal Age
14:57 Double-Bit Axe
18:06 Castle Age
18:20 Loom
21:13 Horse Collar
28:02 Imperial Age
28:28 Wheelbarrow
29:14 Bow Saw
29:06 Heavy Plow
30:31 Caravan
31:43 Hand Cart
33:14 Town Watch
33:26 Fletching
33:42 Scale Barding Armor
33:38 Padded Archer Armor
34:18 Elite Ballista Elephant
35:00 Tusk Swords
41:46 Chain Barding Armor
41:22 Bodkin Arrow
41:38 Forging
42:01 Double Crossbow
43:50 Elite Battle Elephant
45:43 Bracer
55:22 Conscription
67:37 Plate Barding Armor
67:18 Leather Archer Armor
67:06 Capped Ram
68:29 Siege Ram
Poten
8:07 Loom
10:21 Feudal Age
15:48 Castle Age
14:16 Horse Collar
14:51 Double-Bit Axe
15:49 Fletching
22:29 Bow Saw
22:36 Town Watch
24:30 Wheelbarrow
24:32 Bodkin Arrow
24:54 Bloodlines
25:41 Heavy Plow
25:44 Gold Mining
27:15 Scale Barding Armor
29:09 Forging
30:46 Hand Cart
31:00 Caravan
34:15 Imperial Age
32:51 Chain Barding Armor
32:37 Husbandry
33:35 Iron Casting
33:16 Stone Mining
34:01 Gold Shaft Mining
34:57 Ballistics
34:21 Elite Mameluke
36:06 Blast Furnace
34:54 Heavy Camel Rider
36:38 Coinage
36:48 Hoardings
36:53 Plate Barding Armor
39:15 Hoardings
40:08 Chemistry
39:14 Bracer
40:31 Counterweights
40:44 Conscription
43:51 Siege Engineers
43:59 Careening
45:59 Town Patrol
45:57 Murder Holes
45:46 Treadmill Crane
46:18 Masonry
53:34 Fortified Wall
68:07 Padded Archer Armor
Cairo
0:41 Loom
11:24 Feudal Age
12:00 Double-Bit Axe
19:25 Castle Age
17:49 Fletching
18:08 Padded Archer Armor
19:24 Horse Collar
21:00 Town Watch
22:04 Stone Mining
24:11 Elite Skirmisher
25:48 Wheelbarrow
25:27 Gold Mining
26:22 Ballistics
25:43 Treadmill Crane
28:20 Murder Holes
28:24 Bodkin Arrow
31:00 Silk Road
34:17 Imperial Age
33:17 Thumb Ring
35:01 Bracer
35:17 Leather Archer Armor
35:38 Caravan
38:21 Chemistry
37:01 Capped Ram
39:25 Elite Genoese Crossbowman
41:40 Onager
43:44 Fortified Wall
43:31 Murder Holes
46:19 Pirotechnia
49:16 Ring Archer Armor
52:59 Conscription
54:43 Bombard Tower
54:36 Bow Saw
55:05 Stone Shaft Mining
54:32 Heavy Plow
54:57 Hand Cart
54:47 Town Patrol
55:18 Onager
Connection lost

Rejoining the realm…

Still unreachable

The connection could not be restored.

Session expired

The server has moved on; the page needs a fresh start.